 Dungeon Crawl Stone Soup version 0.30-a0-1114-gd936c97349 (webtiles) character file.

Game seed: 3775189585709154522

117 gelatine the Stinger (level 4, -2/30 (31) HPs)
             Began as a Demonspawn Venom Mage on Apr 20, 2023.
             Slain by Crazy Yiuf
             ... wielding a +2 quarterstaff of chaos
              (12 damage)
             ... on level 3 of the Dungeon.
             The game lasted 00:05:17 (3204 turns).

gelatine the Stinger (Demonspawn Venom Mage)        Turns: 3204, Time: 00:05:19

HP:   -2/30 (31)    AC:  4    Str:  9    XL:     4   Next: 71%
MP:   5/8           EV: 21    Int: 24    God:
Gold: 53            SH:  0    Dex: 13    Spells: 7/8 levels left

rFire   . . .      SeeInvis .    n - +2 long sword (heavy)
rCold   + . .      Faith    .    (no shield)
rNeg    . . .      Spirit   .    h - +0 leather armour {rC+}
rPois   .          Reflect  .    (no helmet)
rElec   .          Rampage  .    (no cloak)
rCorr   .                        (no gloves)
Will    .....                    (no boots)
Stlth   ++                       (no amulet)
HPRegen 0.25/turn                i - +6 ring of intelligence
MPRegen 0.11/turn                l - +5 ring of evasion

@: agile, very slightly contaminated, lightly drained
A: demonic guardian 1, sharp scales 1
a: no special abilities


You were on level 3 of the Dungeon.
You visited 1 branch of the dungeon, and saw 3 of its levels.

You collected 209 gold pieces.
You spent 156 gold pieces at shops.

Inventory:

Hand Weapons
 f - a +1 dagger of draining
 g - a +1 short sword of freezing
 n - a +2 heavy long sword (weapon)
Armour
 a - a +0 robe
 h - a +0 leather armour of cold resistance (worn)
Jewellery
 i - a +6 ring of intelligence (left hand)
 l - a +5 ring of evasion (right hand)
Wands
 m - a wand of paralysis (10)
Scrolls
 e - 3 scrolls of identify {unknown}
 j - a scroll of brand weapon {unknown}
 k - a scroll of teleportation {unknown}
 o - a scroll of blinking {unknown}
Potions
 b - a potion of magic
 c - a potion of flight {unknown}
 d - 2 potions of curing {unknown}


   Skills:
 * Level 0.5 Fighting
 * Level 0.3 Short Blades
 * Level 0.5 Armour
 * Level 2.2 Dodging
 * Level 2.4 Stealth
 * Level 2.9 Spellcasting
 * Level 1.5 Transmutations
 * Level 3.7 Poison Magic


You had 7 spell levels left.
You knew the following spells:

 Your Spells              Type           Power      Damage    Failure   Level
a - Sting                 Tmut/Pois      64%        1d6       4%          1

Your spell library contained the following spells:

 Spells                   Type           Power      Damage    Failure   Level
 Poisonous Vapours        Pois/Air       24%        N/A       11%         2
 Mephitic Cloud           Conj/Pois/Air  9%         N/A       26%         3
 Olgreb's Toxic Radiance  Pois           21%        N/A       32%         4


Dungeon Overview and Level Annotations

Branches:
Dungeon (3/15)

Altars:
Okawaru
Trog
Vehumet

Shops:
D:3 (

Annotations:
D:3 Crazy Yiuf


Innate Abilities, Weirdness & Mutations

A weak demonic guardian rushes to your aid.
You are partially covered in razor-sharp scales. (AC +1, Slay +1)


Message History

Thank you for shopping at Bomoin's Antique Weapon Shoppe!
n - a +2 heavy long sword (weapon)
Found a stone staircase leading down.
Found 6 stones and a hand axe.
There is a stone staircase leading down here.
Found a stone staircase leading up.
o - a scroll labelled GEHOGEXYXA As you open the door, it creaks loudly!
There is an open door here.
There is a fountain of clear blue water here.
There is an open door here.
You see here a +0 spear.
You see here a +0 spear.
You see here an adder skeleton.
You see here an adder skeleton.
Found a hammer.
Found a runed translucent door.
You open the door.
The sting hits Crazy Yiuf.
Crazy Yiuf is poisoned.
Crazy Yiuf is lightly wounded.
Crazy Yiuf closely misses you.
You miscast Sting.
You are very lightly contaminated with residual magic.
Nothing appears to happen.
Crazy Yiuf hits you with a +2 quarterstaff of chaos.
A demonic guardian appears!
The sting hits Crazy Yiuf but does no damage.
Crazy Yiuf looks even sicker.
Crazy Yiuf is lightly wounded.
Your shadow imp barely misses Crazy Yiuf.
Crazy Yiuf whimpers, "Shower mumblescurry song!"
Crazy Yiuf hits you with a +2 quarterstaff of chaos!
You feel drained.
You hit Crazy Yiuf.
Crazy Yiuf is moderately wounded.
Your shadow imp hits Crazy Yiuf.
Crazy Yiuf hits you with a +2 quarterstaff of chaos.
You feel agile all of a sudden.
Your shadow imp hits Crazy Yiuf.
Crazy Yiuf hits you with a +2 quarterstaff of chaos!
You die...

##.###.#.##
##.......>..
#....##.#.##
#####
#...........
#)..#
#...........
#...#
#####.......
.5. #.......
#g# ###.#.##
♣@♣♣ #.#.#
♣♣.♣
####.#)#
♣.♣♣
#......#
♣♣.♣
#.####.#
♣♣.♣♣ ##.#
#.# ♣♣.P.♣
#..# ###
♣P...♣
###.##
#....# #...#
##..####.###


You could see Crazy Yiuf (very poisoned, ally target) and a friendly shadow imp
(summoned).

Vanquished Creatures
  4 adders
  A worm (D:2)
  3 dart slugs
  8 orcs
  3 endoplasms
  4 giant cockroaches
  6 goblins
  6 hobgoblins
  3 jackals (D:1)
  6 kobolds
  2 quokkas (D:1)
  7 ball pythons
  5 bats
  A frilled lizard (D:2)
  3 rats
62 creatures vanquished.

Notes
Turn   | Place    | Note
-------+----------+-------------------------------------------
     0 | D:1      | gelatine the Demonspawn Venom Mage began the quest for the
                  | Orb.
     0 | D:1      | Reached XP level 1. HP: 13/13 MP: 3/3
   218 | D:1      | Gained mutation: You are partially covered in razor-sharp
                  | scales. (AC +1, Slay +1) [demonic ancestry]
   218 | D:1      | Reached XP level 2. HP: 11/19 MP: 0/5
   650 | D:1      | Reached skill level 1 in Transmutations
   650 | D:1      | Gained mutation: A weak demonic guardian rushes to your
                  | aid. [demonic ancestry]
   650 | D:1      | Reached XP level 3. HP: 21/23 MP: 2/6
  1660 | D:2      | Found a bloodstained altar of Trog.
  2219 | D:2      | Reached XP level 4. HP: 25/30 MP: 4/8
  2620 | D:3      | Found a faded altar of an unknown god.
  2827 | D:3      | Found Bomoin's Antique Weapon Shoppe.
  2913 | D:3      | Found an iron altar of Okawaru.
  2915 | D:3      | Found a radiant altar of Vehumet.
  2955 | D:3      | Bought a glowing long sword for 156 gold pieces
  3196 | D:3      | Found a runed translucent door.
  3197 | D:3      | Noticed Crazy Yiuf
  3204 | D:3      | Slain by Crazy Yiuf

Illustrated notes

Levels and vault maps discovered:
D:1:      minmay_arrival_shoal_huts, layout_basic, minmay_box_of_dots
D:2:      layout_loops_corners, basic_altar
D:3:      layout_rooms, jmf_multi_god_temple,
          dreamdust_ecumenical_altar_statues, serial_shops, shop,
          uniq_crazy_yiuf_cottage

Skill      XL: |  1  2 |
---------------+-------+-----
Stealth        | 2 |  2.4
Dodging        | 2 |  2.2
Transmutations | 1 |  1.5
Fighting       | |  0.5
Short Blades   | |  0.3
Armour         | |  0.5
Spellcasting   | |  2.9
Poison Magic   | |  3.7

Action                     |  1- 3 |  4- 6 || total
---------------------------+-------+-------++-------
  Melee: Dagger            |    41 |    10 ||    51
         Long sword        |       |     1 ||     1
   Cast: Sting             |    79 |    30 ||   109
   Stab: Sleeping          |       |     2 ||     2
 Armour: Robe              |    12 |       ||    12
         Leather armour    |     6 |       ||     6
  Dodge: Dodged            |    47 |    26 ||    73

Table legend: (Time is in decaauts)
 A = Elapsed time spent in this place.
 B = Non-inter-level travel time spent in this place.
 C = Inter-level travel time spent in this place.
 D = Time resting spent in this place.
 E = Time spent auto-exploring this place.
 F = Levels seen in this place.
 G = Mean time per level.
                   A        B        C        D        E       F      G
               +--------+--------+--------+--------+--------+-----+--------+
         Total |   3203 |   3086 |    117 |      0 |   2674 |   3 | 1067.7 |
       Dungeon |   3203 |   3086 |    117 |      0 |   2674 |   3 | 1067.7 |
               +--------+--------+--------+--------+--------+-----+--------+

Top non-repeatable levels by time:
     D:2: 1330 daAuts
     D:1: 1272 daAuts
     D:3: 599 daAuts
